 Dungeon Crawl Stone Soup version 0.24.1 (webtiles) character file.

Game seed: 12758109585128895392, levelgen mode: deterministic

9410 wmario the Cleaver (level 11, -8/148 HPs)
             Began as a Minotaur Berserker on Mar 22, 2020.
             Was a Believer of Trog.
             Mangled by Sonja
             ... wielding a +1 short sword of distortion
              (14 damage)
             ... on level 1 of the Lair of Beasts on Mar 24, 2020.
             The game lasted 02:42:32 (11843 turns).

wmario the Cleaver (Minotaur Berserker)            Turns: 11843, Time: 02:42:33

Health: -8/148     AC: 19    Str: 30    XL:     11   Next: 22%
Magic:  14/14      EV: 11    Int:  4    God:    Trog [**....]
Gold:   633        SH:  0    Dex: 10    Spells: 16/16 levels left

rFire    . . .     SeeInvis .   X - +4 trident (pierce)
rCold    . . .     Gourm    .   (no shield)
rNeg     + . .     Faith    .   h - +2 plate armour
rPois    +         Spirit   .   (helmet restricted)
rElec    .         Reflect  .   M - +0 cloak
rCorr    .         Harm     .   z - +0 pair of gloves (curse)
MR       .....                  (no boots)
Stlth    ..........             (no amulet)
HPRegen  0.34/turn              E - ring of poison resistance
MPRegen  0.14/turn              t - ring of positive energy

@: berserking, lethally poisoned (-8 -> -8), slowed
A: retaliatory headbutt, horns 2
a: Berserk, Trog's Hand, Renounce Religion


You were on level 1 of the Lair of Beasts.
You worshipped Trog.
Trog was pleased with you.
You were very hungry.

You visited 3 branches of the dungeon, and saw 10 of its levels.

You collected 633 gold pieces.

Inventory:

Hand Weapons
 a - a +0 quarterstaff of freezing
 f - a +2 hunting sling of freezing
 j - a +0 arbalest
 s - a +0 war axe
 D - a +0 scythe
 H - a +2 halberd of protection
 J - a +2 whip of freezing
 K - a +2 dagger of protection
 O - a +1 quarterstaff of protection
 X - a +4 trident of piercing (weapon)
 Y - a +0 shortbow
Missiles
 b - 41 bolts
 d - 277 stones
 l - 60 sling bullets
 p - 73 arrows
 A - 10 poisoned darts (quivered)
Armour
 e - a +2 buckler
 g - a +2 robe of cold resistance
 h - a +2 plate armour (worn)
 z - a cursed +0 pair of gloves (worn)
 M - a +0 cloak (worn)
 V - a +0 ring mail of fire resistance
Jewellery
 t - a ring of positive energy (right hand)
 v - an uncursed ring of magical power
 y - an uncursed ring of ice
 E - a ring of poison resistance (left hand)
Wands
 Z - a wand of iceblast (4)
Scrolls
 m - a scroll of teleportation
 n - a scroll of identify
 o - a scroll of blinking
 r - a scroll of immolation
 u - 4 scrolls of remove curse
 B - a scroll of enchant armour
 C - a scroll of enchant weapon {unknown}
 S - a scroll of magic mapping {unknown}
Potions
 i - a potion of mutation
 k - a potion of invisibility
 w - 2 potions of flight
 x - a potion of lignification {unknown}
 F - 3 potions of might {unknown}
 G - a potion of haste
 I - a potion of heal wounds {unknown}
 R - 2 potions of degeneration {unknown}
 T - a potion of brilliance {unknown}
 U - a potion of magic {unknown}
 W - a potion of agility {unknown}
Comestibles
 c - 10 rations


   Skills:
 - Level 9.6 Fighting
 - Level 12.7 Axes
 - Level 9.2 Armour
 - Level 8.4 Dodging
 - Level 4.1 Shields
 + Level 3.1 Spellcasting


You had 16 spell levels left.
You didn't know any spells.
Your spell library was empty.

Dungeon Overview and Level Annotations

Branches:
Dungeon (8/15)             Temple (1/1) D:5            Lair (1/6) D:8

Altars:
Ashenzari
Cheibriados
Dithmenos
Elyvilon
Fedhas
Gozag
Hepliaklqana
Kikubaaqudgha
Makhleb
Okawaru
Qazlal
Ru
Sif Muna
Trog
Uskayaw
Vehumet
Wu Jian
Xom
Yredelemnul
Zin

Annotations:
D:8 exclusions: 3 oklob plants and 2 more exclusions
Lair:1 Sonja


Innate Abilities, Weirdness & Mutations

You reflexively headbutt those who attack you in melee.
You have a pair of horns on your head.


Message History

Sonja hits you with a +1 short sword of distortion.
* * * LOW HITPOINT WARNING * * *
Space bends around you.
* * * LOW HITPOINT WARNING * * *
Sonja hits you but does no damage. Space bends around you.
* * * LOW HITPOINT WARNING * * *
Sonja hits you with a +1 short sword of distortion.
* * * LOW HITPOINT WARNING * * *
Space warps horribly around you!
* * * LOW HITPOINT WARNING * * *
Sonja misses you. Sonja hits you but does no damage.
You feel strangely stable.
You barely miss Sonja.
Sonja is lightly wounded.
Sonja gestures wildly while chanting.
Sonja blinks!
You feel sick.
Sonja hits you with a +1 short sword of distortion.
* * * LOW HITPOINT WARNING * * *
Space warps horribly around you!
You die...

#................#
##.................
.(................
#.................
#(................
#..# #####.......#
#(#####P###.......
#(#.......##....#.
#@##......#.....#.
#K##..............
#(##.......#.....)
#(####..####....#รท
#.####.###......#.
#................#
#.................
##.................
#..................


You could see Sonja.

Vanquished Creatures
  A hydra (Lair:1)
  Fannar (Lair:1)
  Pikel (D:5)
  Joseph (D:7)
  2 spiny frogs
  A komodo dragon (D:8)
  A troll (D:8)
  The ghost of viiviliisa the Skirmisher, an amateur MiGl (D:5)
  Grinder (D:5)
  A hippogriff (Lair:1)
  Sigmund (D:4)
  4 yaks (D:8)
  4 hogs (D:7)
  A human (D:7)
  2 water moccasins (Lair:1)
  2 porcupines
  An orc warrior (D:8)
  A sky beast (D:8)
  2 phantoms (D:7)
  4 ogres
  A necrophage (D:7)
  2 centaurs (D:8)
  5 crocodiles
  8 bullfrogs
  Blork the orc (D:4)
  2 gnoll sergeants
  3 scorpions
  3 killer bees
  An electric eel (Lair:1)
  5 howler monkeys (D:7)
  3 crimson imps
  2 hounds
  3 jellies
  A bullfrog skeleton (D:5)
  5 orc priests
  3 centaur skeletons
  3 iguanas
  Ijyb (D:4)
  3 orc wizards
  3 worker ants
  A hound zombie (D:5)
  A worker ant zombie (D:8)
  Robin (D:4)
  14 gnolls
  7 adders
  2 shadow imps (D:5)
  2 oozes
  An adder skeleton (D:4)
  6 worms
  2 dart slugs
  10 leopard geckos
  19 orcs
  5 ball pythons
  4 giant cockroaches
  16 goblins
  7 hobgoblins
  2 quokkas
  9 bats
  4 frilled lizards
  8 kobolds
  A leopard gecko skeleton (D:5)
  4 rats
  3 fungi (D:7)
  2 plants (D:8)
222 creatures vanquished.

Vanquished Creatures (others)
  A sky beast (D:5)
  A crimson imp (D:5)
  An orc wizard (D:5)
  An iguana (D:5)
  2 worker ants (D:5)
  A worker ant zombie (D:5)
  A worm (D:5)
  2 orcs (D:5)
  A ball python (D:5)
  A goblin (D:4)
  A leopard gecko zombie (D:5)
  8 fungi
  11 plants (Lair:1)
32 creatures vanquished.

Grand Total: 254 creatures vanquished

Notes
Turn   | Place    | Note
-------+----------+-------------------------------------------
     0 | D:1      | wmario the Minotaur Berserker began the quest for the Orb.
     0 | D:1      | Reached XP level 1. HP: 19/19 MP: 0/0
   227 | D:1      | Reached XP level 2. HP: 27/27 MP: 1/1
   304 | D:1      | Reached skill level 4 in Axes
   528 | D:1      | Reached XP level 3. HP: 33/33 MP: 2/2
   944 | D:2      | Reached ** piety under Trog
  1480 | D:2      | Reached XP level 4. HP: 40/40 MP: 3/3
  2135 | D:3      | Reached skill level 5 in Axes
  2524 | D:3      | Reached XP level 5. HP: 40/47 MP: 4/4
  3336 | D:4      | Got a polished trident
  3505 | D:4      | Reached XP level 6. HP: 55/55 MP: 5/5
  3509 | D:4      | Found a bloodstained altar of Trog.
  3510 | D:4      | Noticed Robin
  3520 | D:4      | Reached *** piety under Trog
  3520 | D:4      | Reached skill level 5 in Fighting
  3520 | D:4      | Reached skill level 6 in Axes
  3550 | D:4      | Killed Robin
  3821 | D:4      | Noticed Blork the orc
  3830 | D:4      | Noticed Ijyb
  3839 | D:4      | Killed Blork the orc
  3893 | D:4      | Killed Ijyb
  3933 | D:4      | Reached XP level 7. HP: 33/61 MP: 6/6
  3956 | D:4      | Noticed Sigmund
  4112 | D:4      | Killed Sigmund
  4112 | D:4      | Reached skill level 7 in Axes
  4320 | D:4      | Found a blossoming altar of Fedhas.
  4655 | D:5      | Entered Level 5 of the Dungeon
  4697 | D:5      | Noticed Pikel
  4718 | D:5      | Reached skill level 5 in Armour
  4741 | D:5      | Killed Pikel
  4741 | D:5      | Reached skill level 8 in Axes
  4741 | D:5      | Reached skill level 5 in Dodging
  4741 | D:5      | Reached XP level 8. HP: 25/71 MP: 7/7
  5392 | D:5      | Found a staircase to the Ecumenical Temple.
  5490 | D:5      | Found a runed translucent gate.
  5493 | D:5      | Found a runed translucent gate.
  5493 | D:5      | Found a runed translucent gate.
  5493 | D:5      | Found an opulent altar of Gozag.
  5495 | D:5      | Noticed viiviliisa's ghost (amateur MiGl)
  5508 | D:5      | Killed viiviliisa's ghost
  5577 | D:5      | Noticed Grinder
  5579 | D:5      | Reached skill level 9 in Axes
  5590 | D:5      | Killed Grinder
  5769 | Temple   | Entered the Ecumenical Temple
  6437 | D:6      | Found a burning altar of Makhleb.
  6439 | D:6      | Found a hazy altar of Hepliaklqana.
  6550 | D:6      | Reached XP level 9. HP: 21/79 MP: 8/8
  7089 | D:6      | Reached **** piety under Trog
  7254 | D:6      | Reached skill level 10 in Axes
  7342 | D:7      | Found a blossoming altar of Fedhas.
  7756 | D:7      | Noticed Joseph
  7774 | D:7      | Killed Joseph
  8392 | D:7      | Reached skill level 11 in Axes
  8442 | D:7      | Reached XP level 10. HP: 60/90 MP: 9/9
  8655 | D:8      | Upgraded the game from 0.24.0-125-gc4c63601f3 to 0.24.1
  9698 | D:8      | Reached skill level 1 in Shields
  9802 | D:8      | Noticed an oklob plant
  9803 | D:8      | Noticed an oklob plant
  9832 | D:8      | Noticed an oklob plant
  9833 | D:8      | HP: 2/91 [acid (11)]
 10218 | D:8      | Found a staircase to the Lair.
 10255 | Lair:1   | Entered Level 1 of the Lair of Beasts
 10291 | D:8      | Reached ***** piety under Trog
 10301 | D:8      | Reached skill level 12 in Axes
 10550 | Lair:1   | Noticed a spiny frog
 10567 | Lair:1   | Killed a spiny frog
 10716 | Lair:1   | Noticed a spiny frog
 10739 | D:8      | Killed a spiny frog
 11334 | Lair:1   | Reached XP level 11. HP: 94/99 MP: 10/10
 11493 | Lair:1   | Noticed a seven-headed hydra
 11496 | Lair:1   | Noticed Fannar
 11517 | Lair:1   | Killed a seven-headed hydra
 11557 | Lair:1   | Killed Fannar
 11832 | Lair:1   | Noticed Sonja
 11843 | Lair:1   | HP: 6/148 [Sonja/+1 short sword of distortion (5)]
 11843 | Lair:1   | Mangled by Sonja

Levels and vault maps discovered:
D:1:      minmay_arrival_diagonal_passages, layout_rooms
D:2:      layout_loops_corners, first_ration
D:3:      layout_basic, minmay_misc_feat_rugged
D:4:      layout_rooms, bloody_trog, nicolae_overflow_hidden_temple,
          uniq_sigmund, uniq_robin, uniq_ijyb, uniq_blork_the_orc
D:5:      layout_basic, minmay_temple_entry_steel_oval, ebering_ghost_gozag,
          minivault_11, uniq_grinder, uniq_pikel
D:6:      layout_loops_corners, chequers_temple_overflow_statue_of_worship
D:7:      layout_cave_pods, grunt_livestock, fedhas_altar_3, uniq_joseph
D:8:      layout_loops_cross, gammafunk_temple_overflow_wave, dpeg_oklobed_lair,
          dk_vineyard_3, disabler_island
Temple:   kb_temple_of_zot
Lair:1:   layout_regular_city, nicolae_quartered_pool_little,
          serial_bayou_pond_b, wad_woods_road_02, uniq_sonja, uniq_fannar

Skill      XL: |  1  2  3  4  5  6  7  8  9 10 11 |
---------------+----------------------------------+-----
Axes           | 4 5 6 8 9 11 12 | 12.7
Fighting       | 4 5 6 7 8 9 |  9.6
Armour         | 3 4 5 6 8 9 |  9.2
Dodging        | 3 4 5 6 7 8 |  8.4
Shields        | 4 |  4.1
Spellcasting   | 3 |  3.1

Action                   |  1- 3 |  4- 6 |  7- 9 | 10-12 || total
-------------------------+-------+-------+-------+-------++-------
Melee: Hand axe          |   103 |    88 |    53 |       ||   244
       Headbutt          |    16 |    18 |    67 |    61 ||   162
       Unarmed           |       |    13 |       |       ||    13
       Flail             |       |       |    69 |       ||    69
       Trident           |       |       |   125 |   232 ||   357
       Whip              |       |       |       |    17 ||    17
 Fire: Hunting sling     |       |       |       |    11 ||    11
       Arbalest          |       |       |       |     6 ||     6
Throw: Stone             |     1 |    10 |    16 |       ||    27
       Boomerang         |       |    18 |    40 |       ||    58
       Dart              |       |    24 |    53 |    56 ||   133
Invok: Berserk           |       |       |     4 |     3 ||     7
  Use: Potion            |       |     6 |     2 |     2 ||    10
       Scroll            |       |       |     5 |     9 ||    14
 Stab: Invisible         |       |     4 |       |       ||     4
  Eat: Chunk             |     2 |     4 |     8 |     2 ||    16
       Ration            |       |     1 |     3 |     3 ||     7
Armor: Animal skin       |     3 |       |       |       ||     3
       Ring mail         |    23 |    10 |       |       ||    33
       Scale mail        |       |    15 |    17 |       ||    32
       Chain mail        |       |       |    65 |    56 ||   121
       Plate armour      |       |       |       |    67 ||    67
Dodge: Dodged            |    52 |    44 |    97 |   146 ||   339
Block: Buckler           |       |       |       |    37 ||    37
